[Event "DVM U12 2021-22"]
[Site "Naumburg"]
[Date "2022.03.26"]
[Round "2"]
[White "Detjen, Mattes"]
[Black "Schäfle, Moritz"]
[Result "1/2-1/2"]
[ECO "B13"]
[WhiteElo "1124"]
[BlackElo "1346"]
[Annotator "NA"]
[PlyCount "117"]
[EventDate "2022.03.25"]
[EventType "team-tourn"]
[EventRounds "7"]
[EventCountry "GER"]
[SourceTitle "playchess.com"]
[Source "ChessBase"]
[SourceQuality "1"]
[TimeControl "40/5400+30:1800+30"]

1. e4 c6 2. d4 d5 3. exd5 cxd5 4. c4 Nf6 5. Nf3 Bg4 6. Nc3 Nc6 7. Be3 e6 8. Be2 dxc4 9. Bxc4 Be7 10. O-O O-O 11. Bb3 Nb4 12. a3 Nbd5 13. Nxd5 Nxd5 14. Qe2 Qd7 15. h3 Bh5 16. Rfd1 Bf6 17. Rd2 Rfd8 18. Rad1 a6 19. Bc2 Bxf3 20. Qxf3 g6 21. Bh6 Qd6 22. Be4 Bg7 23. Bxg7 Kxg7 24. h4 Rd7 25. h5 Rad8 26. Qh3 Nf6 27. h6+ Kg8 28. Qe3 Ng4 29. Qh3 Qf4 30. Bf3 Nxh6 31. d5 Nf5 32. Qh2 Qxh2+ 33. Kxh2 Ne7 34. d6 Nf5 35. g4 Ng7 36. Kg3 Ne8 37. Kf4 f6 38. g5 Kf7 39. gxf6 Kxf6 40. b4 Rxd6 41. Rxd6 Rxd6 42. Rh1 h5 43. Bxb7 g5+ 44. Ke4 h4 45. f3 Nc7 46. Rc1 Rd7 47. Rg1 h3 48. f4 gxf4 49. Kxf4 h2 50. Rh1 Rh7 51. Kg3 Ke5 52. Rxh2 Rxh2 53. Kxh2 Kd4 54. Kg3 Ke3 55. Kg4 e5 56. Kf5 Kd4 57. a4 Kc4 58. Kxe5 Kxb4 59. Bxa6 1/2-1/2

[Event "DVM U12 2021-22"]
[Site "Naumburg"]
[Date "2022.03.26"]
[Round "2"]
[White "Goldschmidt, Jakob"]
[Black "Wartenberg, Alissa"]
[Result "0-1"]
[ECO "D00"]
[WhiteElo "1081"]
[BlackElo "1670"]
[Annotator "NA"]
[PlyCount "60"]
[EventDate "2022.03.25"]
[EventType "team-tourn"]
[EventRounds "7"]
[EventCountry "GER"]
[SourceTitle "playchess.com"]
[Source "ChessBase"]
[SourceQuality "1"]
[TimeControl "40/5400+30:1800+30"]

1. d4 d5 2. c3 Nf6 3. e3 c5 4. Bd3 e6 5. f4 Nc6 6. Nf3 b6 7. O-O Bb7 8. Ne5 a6 9. Nd2 Qc7 10. Nb3 c4 11. Bxc4 dxc4 12. Nxc4 Ne7 13. Ne5 Ng6 14. Qe1 Nxe5 15. fxe5 Ne4 16. Qh4 Be7 17. Qg4 O-O-O 18. Rxf7 Ng5 19. e4 Nxf7 20. Qxe6+ Kb8 21. Qxf7 Rdf8 22. Qxg7 Bxe4 23. Qg4 Bb7 24. Bh6 Rhg8 25. Qe2 Qc6 26. Bxf8 Rxg2+ 27. Kf1 Rxe2 28. Kxe2 Qf3+ 29. Kd2 Bg5+ 30. Kc2 Be4# 0-1

[Event "DVM U12 2021-22"]
[Site "Naumburg"]
[Date "2022.03.26"]
[Round "2"]
[White "Schriefer, Leo Hans"]
[Black "Ruddat, Jarne"]
[Result "1/2-1/2"]
[ECO "C44"]
[WhiteElo "1037"]
[BlackElo "1419"]
[Annotator "NA"]
[PlyCount "96"]
[EventDate "2022.03.25"]
[EventType "team-tourn"]
[EventRounds "7"]
[EventCountry "GER"]
[SourceTitle "playchess.com"]
[Source "ChessBase"]
[SourceQuality "1"]
[TimeControl "40/5400+30:1800+30"]

1. e4 e5 2. Nf3 Nc6 3. d4 exd4 4. Bc4 Bc5 5. Ng5 Nh6 6. Nxf7 Nxf7 7. Bxf7+ Kf8 8. O-O Qf6 9. Bd5 Ne7 10. e5 Qxe5 11. Qf3+ Qf5 12. Bxb7 Qxf3 13. Bxf3 Rb8 14. b3 d3 15. c3 Ba6 16. Rd1 d5 17. Be3 Bxe3 18. fxe3 Nf5 19. Re1 Re8 20. Bxd5 Nxe3 21. Bc6 Re6 22. c4 Kf7 23. Nd2 Kg6 24. Be4+ Rxe4 25. Nxe4 Nc2 26. Red1 Nxa1 27. Rxa1 Re8 28. Nc5 d2 29. Kf2 Bc8 30. h3 Bf5 31. Rd1 Re5 32. Na4 Bd7 33. Nc3 Rf5+ 34. Kg3 Re5 35. Kf2 Rf5+ 36. Kg1 Rg5 37. Kh2 Bc6 38. Rxd2 Re5 39. Re2 Rxe2 40. Nxe2 Kf6 41. Kg3 Ke5 42. Nf4 Be4 43. Ne2 c6 44. Kf2 g6 45. g3 g5 46. Ke3 c5 47. Nc3 Bc6 48. Nb5 a6 1/2-1/2

[Event "DVM U12 2021-22"]
[Site "Naumburg"]
[Date "2022.03.26"]
[Round "2"]
[White "Mende, Magnus"]
[Black "Teng, David"]
[Result "0-1"]
[ECO "B20"]
[WhiteElo "737"]
[BlackElo "1334"]
[Annotator "NA"]
[PlyCount "112"]
[EventDate "2022.03.25"]
[EventType "team-tourn"]
[EventRounds "7"]
[EventCountry "GER"]
[SourceTitle "playchess.com"]
[Source "ChessBase"]
[SourceQuality "1"]
[TimeControl "40/5400+30:1800+30"]

1. e4 c5 2. Bc4 e6 3. Nf3 a6 4. a3 b5 5. Ba2 Bb7 6. d3 Nf6 7. O-O Be7 8. e5 Nd5 9. c4 Nc7 10. Nc3 d6 11. a4 b4 12. exd6 Bxd6 13. Ne4 Be7 14. b3 Nc6 15. Bg5 O-O 16. Nxc5 Bxg5 17. Nxb7 Qe7 18. Nxg5 Qxg5 19. Qf3 Nd4 20. Qe4 Nf5 21. Bb1 Ne8 22. d4 Nf6 23. Qf3 Nxd4 24. Qd3 Nc6 25. Nc5 Qxc5 26. Re1 Rad8 27. Qc2 Nd4 28. Qd3 Nf5 29. Qe2 Qd4 30. Bc2 Qd2 31. Bxf5 Qxe2 32. Rxe2 exf5 33. h3 Rfe8 34. Rae1 Rxe2 35. Rxe2 Kf8 36. Re5 Rd3 37. c5 Rxb3 38. g4 Rc3 39. Re2 Rxc5 40. Rb2 a5 41. Kg2 fxg4 42. hxg4 Nxg4 43. f3 Ne3+ 44. Kg3 g5 45. f4 Nd1 46. Rb1 Nc3 47. Rb3 Ne2+ 48. Kf2 Nxf4 49. Ke3 Rc3+ 50. Rxc3 bxc3 51. Kd4 c2 52. Kc5 c1=Q+ 53. Kb5 Nd5 54. Ka6 Qc6+ 55. Ka7 Qb6+ 56. Ka8 Nc7# 0-1

[Event "DVM U12 2021-22"]
[Site "Naumburg"]
[Date "2022.03.26"]
[Round "3"]
[White "Richter, Hans-Peter"]
[Black "Börner, Eric"]
[Result "1/2-1/2"]
[ECO "C46"]
[WhiteElo "2089"]
[BlackElo "1134"]
[Annotator "NA"]
[PlyCount "46"]
[EventDate "2022.03.25"]
[EventType "team-tourn"]
[EventRounds "7"]
[EventCountry "GER"]
[SourceTitle "playchess.com"]
[Source "ChessBase"]
[SourceQuality "1"]
[TimeControl "40/5400+30:1800+30"]

1. e4 e5 2. Nf3 Nc6 3. Nc3 Bc5 4. a3 d6 5. Bb5 Nge7 6. O-O O-O 7. h3 a6 8. Ba4 b5 9. Bb3 Be6 10. d3 Bxb3 11. cxb3 h6 12. Be3 Nd4 13. b4 Ba7 14. Rc1 Rc8 15. Re1 c6 16. Bxd4 Bxd4 17. Rc2 Qb6 18. Rf1 Rfe8 19. a4 Bxc3 20. a5 Qa7 21. Rxc3 Ng6 22. Rc1 c5 23. Qb3 cxb4 1/2-1/2

[Event "DVM U12 2021-22"]
[Site "Naumburg"]
[Date "2022.03.26"]
[Round "3"]
[White "Klaska, Philipp Leon"]
[Black "Ermitsch, Magnus"]
[Result "0-1"]
[ECO "B48"]
[WhiteElo "1959"]
[BlackElo "2127"]
[Annotator "NA"]
[PlyCount "56"]
[EventDate "2022.03.25"]
[EventType "team-tourn"]
[EventRounds "7"]
[EventCountry "GER"]
[SourceTitle "playchess.com"]
[Source "ChessBase"]
[SourceQuality "1"]
[TimeControl "40/5400+30:1800+30"]

1. e4 c5 2. Nf3 e6 3. d4 cxd4 4. Nxd4 Nc6 5. Nc3 Qc7 6. Be3 a6 7. g4 h6 8. Qd2 Nf6 9. f3 b5 10. O-O-O Bb7 11. Kb1 Rc8 12. h4 Nxd4 13. Bxd4 e5 14. Bf2 Bb4 15. Be1 d5 16. exd5 Nxd5 17. Nxb5 axb5 18. Bxb5+ Ke7 19. c3 Rhd8 20. cxb4 Nc3+ 21. bxc3 Rxd2 22. Rxd2 Rd8 23. Rhh2 Bxf3 24. g5 e4 25. Rxd8 Qxd8 26. Rd2 Qb6 27. a4 Qg1 28. Rd7+ Ke6 0-1

[Event "DVM U12 2021-22"]
[Site "Naumburg"]
[Date "2022.03.26"]
[Round "3"]
[White "Helms, Finn"]
[Black "Rosenkranz, Lennard"]
[Result "1-0"]
[ECO "D00"]
[WhiteElo "1911"]
[BlackElo "1429"]
[Annotator "ChessBase"]
[PlyCount "55"]
[EventDate "2022.03.25"]
[EventType "team-tourn"]
[EventRounds "7"]
[EventCountry "GER"]
[SourceTitle "playchess.com"]
[Source "ChessBase"]
[SourceQuality "1"]
[TimeControl "40/5400+30:1800+30"]

1. d4 d5 2. Bf4 f5 3. Nf3 e6 4. e3 c6 5. Ne5 Nf6 6. c4 Bd6 7. Nc3 O-O 8. Be2 Nbd7 9. Nxc6 Qc7 10. Nb5 Qxc6 11. Bxd6 Rf7 12. c5 Ne8 13. Bf4 Ndf6 14. Nc3 Ne4 15. Qb3 N8f6 16. Bb5 Nxc5 17. dxc5 Qxc5 18. O-O Ne4 19. Nxe4 fxe4 20. Rac1 Qb6 21. Be8 Rf8 22. Bb5 a6 23. Ba4 Qxb3 24. Bxb3 Bd7 25. Rc7 Bc6 26. Be5 Rf5 27. Rxg7+ Kh8 28. Rg5+ 1-0

[Event "DVM U12 2021-22"]
[Site "Naumburg"]
[Date "2022.03.26"]
[Round "3"]
[White "Haubold, Christian Lucas"]
[Black "Cwiklik, Jonah"]
[Result "1-0"]
[ECO "C50"]
[WhiteElo "1808"]
[BlackElo "1409"]
[Annotator "NA"]
[PlyCount "81"]
[EventDate "2022.03.25"]
[EventType "team-tourn"]
[EventRounds "7"]
[EventCountry "GER"]
[SourceTitle "playchess.com"]
[Source "ChessBase"]
[SourceQuality "1"]
[TimeControl "40/5400+30:1800+30"]

1. e4 e5 2. Nf3 Nc6 3. Bc4 Bc5 4. d3 Nf6 5. c3 O-O 6. O-O d5 7. exd5 Nxd5 8. Nbd2 Nf4 9. Ne4 Bd6 10. Bxf4 exf4 11. d4 Bf5 12. Bd3 Bxe4 13. Bxe4 f5 14. Bd3 Ne7 15. Ng5 Qe8 16. Qb3+ Kh8 17. Bc4 Qh5 18. Nf7+ Rxf7 19. Bxf7 Qh4 20. f3 g5 21. c4 g4 22. c5 Nc6 23. cxd6 cxd6 24. Qxb7 Rf8 25. Qxc6 Rxf7 26. Qxd6 Qh5 27. Qe5+ Rg7 28. Rac1 h6 29. Rc7 Qg6 30. Qxg7+ Qxg7 31. Rxg7 Kxg7 32. fxg4 fxg4 33. Rxf4 a5 34. d5 a4 35. d6 a3 36. b3 g3 37. hxg3 h5 38. d7 h4 39. d8=Q hxg3 40. Qg5+ Kh8 41. Rh4# 1-0

[Event "DVM U12 2021-22"]
[Site "Naumburg"]
[Date "2022.03.26"]
[Round "3"]
[White "Torosyan, Bagrat"]
[Black "Dordevic, Tom"]
[Result "1/2-1/2"]
[ECO "B42"]
[WhiteElo "1695"]
[BlackElo "1671"]
[Annotator "NA"]
[PlyCount "45"]
[EventDate "2022.03.25"]
[EventType "team-tourn"]
[EventRounds "7"]
[EventCountry "GER"]
[SourceTitle "playchess.com"]
[Source "ChessBase"]
[SourceQuality "1"]
[TimeControl "40/5400+30:1800+30"]

1. e4 c5 2. Nf3 e6 3. d4 cxd4 4. Nxd4 a6 5. Bd3 Bc5 6. Nb3 Ba7 7. Qe2 d6 8. Be3 Nf6 9. Bxa7 Rxa7 10. Nc3 Nc6 11. O-O O-O 12. Rad1 Qe7 13. a4 Rd8 14. Rd2 Qc7 15. Rfd1 e5 16. Bc4 Ne7 17. h3 Ng6 18. Bd5 Nf4 19. Qe3 Ra8 20. Qf3 Rb8 21. a5 Bd7 22. Kh2 h6 23. Ne2 1/2-1/2

[Event "DVM U12 2021-22"]
[Site "Naumburg"]
[Date "2022.03.26"]
[Round "3"]
[White "Lu, Yunong Elias"]
[Black "Zhang, Yibo"]
[Result "1-0"]
[ECO "C55"]
[WhiteElo "1677"]
[BlackElo "1397"]
[Annotator "NA"]
[PlyCount "55"]
[EventDate "2022.03.25"]
[EventType "team-tourn"]
[EventRounds "7"]
[EventCountry "GER"]
[SourceTitle "playchess.com"]
[Source "ChessBase"]
[SourceQuality "1"]
[TimeControl "40/5400+30:1800+30"]

1. e4 e5 2. Nf3 Nc6 3. d4 exd4 4. Bc4 Nf6 5. O-O d6 6. Nxd4 Ne5 7. Bb3 Bd7 8. c3 c5 9. Nf3 Bc6 10. Nxe5 dxe5 11. f3 h6 12. Be3 Qc7 13. c4 a6 14. a4 g5 15. h3 Nh5 16. Nc3 Nf4 17. Nd5 Bxd5 18. exd5 O-O-O 19. Bc2 a5 20. Bf5+ Kb8 21. Ra3 b6 22. Rb3 Ka7 23. Rb5 Rd6 24. b4 axb4 25. a5 Rf6 26. axb6+ Rxb6 27. Qa4+ Ra6 28. Qxa6+ 1-0

[Event "DVM U12 2021-22"]
[Site "Naumburg"]
[Date "2022.03.26"]
[Round "3"]
[White "Wartenberg, Alexander"]
[Black "Marinin, Georgii"]
[Result "1/2-1/2"]
[ECO "B13"]
[WhiteElo "1639"]
[BlackElo "1293"]
[Annotator "NA"]
[PlyCount "90"]
[EventDate "2022.03.25"]
[EventType "team-tourn"]
[EventRounds "7"]
[EventCountry "GER"]
[SourceTitle "playchess.com"]
[Source "ChessBase"]
[SourceQuality "1"]
[TimeControl "40/5400+30:1800+30"]

1. e4 c6 2. d4 d5 3. exd5 cxd5 4. Nf3 Nc6 5. Nc3 Bg4 6. Be2 Nf6 7. O-O e6 8. Bg5 Be7 9. Ne5 Bxe2 10. Nxe2 Nxe5 11. dxe5 Nd7 12. Bxe7 Qxe7 13. f4 Rc8 14. c3 Nb6 15. Nd4 Nc4 16. Qe2 a6 17. Rae1 h5 18. f5 h4 19. Qg4 Nxb2 20. Qxg7 Qf8 21. Qxf8+ Rxf8 22. fxe6 fxe6 23. Rxf8+ Kxf8 24. Nxe6+ Ke7 25. Nd4 Rxc3 26. e6 Nd3 27. Nf5+ Ke8 28. Rf1 Rc1 29. Nxh4 Rxf1+ 30. Kxf1 Ke7 31. a3 Kxe6 32. Ke2 Nf4+ 33. Ke3 Ke5 34. g3 d4+ 35. Kd2 Nh3 36. Ng6+ Kd5 37. Nf4+ Nxf4 38. gxf4 Ke4 39. h4 Kxf4 40. Kd3 b5 41. Kxd4 a5 42. h5 Kg5 43. Kc5 b4 44. axb4 axb4 45. Kxb4 Kxh5 1/2-1/2

[Event "DVM U12 2021-22"]
[Site "Naumburg"]
[Date "2022.03.26"]
[Round "3"]
[White "Xue, Luka"]
[Black "Zobel, Christian"]
[Result "1/2-1/2"]
[ECO "C42"]
[WhiteElo "1610"]
[BlackElo "1547"]
[Annotator "NA"]
[PlyCount "86"]
[EventDate "2022.03.25"]
[EventType "team-tourn"]
[EventRounds "7"]
[EventCountry "GER"]
[SourceTitle "playchess.com"]
[Source "ChessBase"]
[SourceQuality "1"]
[TimeControl "40/5400+30:1800+30"]

1. e4 e5 2. Nf3 Nf6 3. Nxe5 d6 4. Nf3 Nxe4 5. d3 Nf6 6. d4 Bg4 7. c4 Be7 8. Nc3 O-O 9. h3 Bh5 10. Be2 d5 11. Be3 dxc4 12. Bxc4 Nc6 13. O-O Qd7 14. d5 Bxf3 15. Qxf3 Ne5 16. Qe2 Nxc4 17. Qxc4 Bd6 18. Rad1 a6 19. Qh4 Be5 20. Rfe1 Rfe8 21. f4 Bxc3 22. bxc3 Re4 23. Bd4 Rxe1+ 24. Qxe1 Re8 25. Qg3 Qxd5 26. Qxg7+ Kxg7 27. Bxf6+ Kxf6 28. Rxd5 Ke6 29. Re5+ Kd7 30. Rxe8 Kxe8 31. Kf2 Ke7 32. Ke3 f5 33. g4 Ke6 34. Kd4 b6 35. a4 c5+ 36. Kc4 fxg4 37. hxg4 Kd6 38. g5 Kc6 39. f5 b5+ 40. Kb3 Kd6 41. axb5 axb5 42. Kc2 Ke5 43. f6 Ke6 1/2-1/2

[Event "DVM U12 2021-22"]
[Site "Naumburg"]
[Date "2022.03.26"]
[Round "3"]
[White "Koberstein, Simon"]
[Black "Haubold, Sebastian Marcel"]
[Result "0-1"]
[ECO "C54"]
[WhiteElo "1462"]
[BlackElo "1869"]
[Annotator "NA"]
[PlyCount "52"]
[EventDate "2022.03.25"]
[EventType "team-tourn"]
[EventRounds "7"]
[EventCountry "GER"]
[SourceTitle "playchess.com"]
[Source "ChessBase"]
[SourceQuality "1"]
[TimeControl "40/5400+30:1800+30"]

1. e4 e5 2. Nf3 Nc6 3. Bc4 Bc5 4. c3 Nf6 5. d3 d6 6. h3 a6 7. b4 Ba7 8. a4 h6 9. O-O Rg8 10. Nbd2 g5 11. Nh2 g4 12. hxg4 Nxg4 13. Ndf3 Qf6 14. Qe2 Qg7 15. Nh4 Ne7 16. Be3 Ng6 17. Nxg6 Qxg6 18. g3 Qh5 19. Nxg4 Bxg4 20. f3 Bh3 21. Bxa7 Rxg3+ 22. Kf2 Rg2+ 23. Ke1 Rxe2+ 24. Kxe2 Bxf1+ 25. Kxf1 Rxa7 26. Ke2 Ke7 0-1

[Event "DVM U12 2021-22"]
[Site "Naumburg"]
[Date "2022.03.26"]
[Round "3"]
[White "Stettner, Oskar"]
[Black "Moldovan, Tudor"]
[Result "1-0"]
[ECO "B06"]
[WhiteElo "1446"]
[BlackElo "1219"]
[Annotator "NA"]
[PlyCount "127"]
[EventDate "2022.03.25"]
[EventType "team-tourn"]
[EventRounds "7"]
[EventCountry "GER"]
[SourceTitle "playchess.com"]
[Source "ChessBase"]
[SourceQuality "1"]
[TimeControl "40/5400+30:1800+30"]

1. e4 g6 2. d4 Bg7 3. Nf3 a6 4. a4 b6 5. Nc3 Bb7 6. Bd3 d6 7. O-O Nd7 8. Be3 Ngf6 9. h3 O-O 10. Qd2 e5 11. dxe5 Nxe5 12. Nxe5 dxe5 13. Bh6 Qe7 14. Bxg7 Kxg7 15. Rad1 Rad8 16. Qe2 a5 17. Rfe1 Nh5 18. g3 Qe6 19. h4 Qc6 20. Bb5 Qc5 21. Qc4 Qxc4 22. Bxc4 Nf6 23. f3 Nh5 24. Kf2 c6 25. Rxd8 Rxd8 26. Rd1 Rxd1 27. Nxd1 f5 28. exf5 gxf5 29. Ne3 f4 30. Nf5+ Kf6 31. g4 b5 32. axb5 cxb5 33. Bxb5 Ba8 34. Bd3 Ng7 35. Nd6 h6 36. Be4 Bxe4 37. Nxe4+ Ke6 38. c4 Ne8 39. Nc5+ Kd6 40. Nb7+ Kc6 41. Nxa5+ Kc5 42. b3 Nd6 43. g5 hxg5 44. hxg5 Nf5 45. g6 Kb6 46. b4 Ng7 47. c5+ Kb5 48. c6 Kb6 49. b5 Ne6 50. Nc4+ Kc7 51. Nxe5 Kb6 52. Nd3 Ng7 53. Nxf4 Kc7 54. Nd5+ Kc8 55. b6 Kb8 56. c7+ Kb7 57. Ne7 Kxb6 58. c8=Q Ne6 59. Qxe6+ Kc5 60. Qd5+ Kb6 61. Qc6+ Ka7 62. Nd5 Kb8 63. Qc7+ Ka8 64. Nb6# 1-0

[Event "DVM U12 2021-22"]
[Site "Naumburg"]
[Date "2022.03.26"]
[Round "3"]
[White "Middendorf, Sven-Jonas"]
[Black "Rudolph, Konrad"]
[Result "1-0"]
[ECO "B04"]
[WhiteElo "1424"]
[BlackElo "1321"]
[Annotator "NA"]
[PlyCount "49"]
[EventDate "2022.03.25"]
[EventType "team-tourn"]
[EventRounds "7"]
[EventCountry "GER"]
[SourceTitle "playchess.com"]
[Source "ChessBase"]
[SourceQuality "1"]
[TimeControl "40/5400+30:1800+30"]

1. e4 Nf6 2. e5 Nd5 3. d4 d6 4. Nf3 g6 5. Bc4 Nb6 6. Bb3 Bg7 7. Ng5 O-O 8. e6 f6 9. Nf7 Qe8 10. d5 a5 11. a4 c6 12. c4 f5 13. Be3 Ra6 14. Bd4 Bf6 15. Qd2 Kg7 16. Qh6+ Kg8 17. Ng5 Rf7 18. exf7+ Qxf7 19. Nxf7 Bxd4 20. Ng5 Bg7 21. Qxh7+ Kf8 22. Qxg6 Kg8 23. Qe8+ Bf8 24. Qf7+ Kh8 25. Qxf8# 1-0

[Event "DVM U12 2021-22"]
[Site "Naumburg"]
[Date "2022.03.26"]
[Round "3"]
[White "Ruddat, Jarne"]
[Black "Teng, David"]
[Result "1-0"]
[ECO "B23"]
[WhiteElo "1419"]
[BlackElo "1334"]
[Annotator "NA"]
[PlyCount "81"]
[EventDate "2022.03.25"]
[EventType "team-tourn"]
[EventRounds "7"]
[EventCountry "GER"]
[SourceTitle "playchess.com"]
[Source "ChessBase"]
[SourceQuality "1"]
[TimeControl "40/5400+30:1800+30"]

1. e4 c5 2. Nc3 e6 3. Nge2 a6 4. g3 Nc6 5. Bg2 Nf6 6. O-O Be7 7. d3 O-O 8. Bf4 d6 9. Kh1 e5 10. Be3 b5 11. f4 Ng4 12. Bd2 Nd4 13. Nxd4 cxd4 14. Nd5 Nf6 15. fxe5 dxe5 16. Nxe7+ Qxe7 17. Bg5 Kh8 18. Qd2 Qe6 19. Bxf6 gxf6 20. Qh6 Rg8 21. Rxf6 Qe7 22. Raf1 Be6 23. Bh3 Rg6 24. Rxg6 fxg6 25. Bxe6 Qxe6 26. Rf8+ Rxf8 27. Qxf8+ Qg8 28. Qxg8+ Kxg8 29. c3 dxc3 30. bxc3 a5 31. Kg2 b4 32. cxb4 axb4 33. Kf3 Kf7 34. Ke3 Ke6 35. d4 exd4+ 36. Kxd4 Kd6 37. g4 g5 38. h3 h6 39. e5+ Ke6 40. Ke4 Ke7 41. Kf5 1-0

[Event "DVM U12 2021-22"]
[Site "Naumburg"]
[Date "2022.03.26"]
[Round "3"]
[White "Rudolph, Simon"]
[Black "Fadeev, Justin Michael"]
[Result "0-1"]
[ECO "B33"]
[WhiteElo "1403"]
[BlackElo "1327"]
[Annotator "NA"]
[PlyCount "72"]
[EventDate "2022.03.25"]
[EventType "team-tourn"]
[EventRounds "7"]
[EventCountry "GER"]
[SourceTitle "playchess.com"]
[Source "ChessBase"]
[SourceQuality "1"]
[TimeControl "40/5400+30:1800+30"]

1. e4 c5 2. Nf3 Nc6 3. d4 cxd4 4. Nxd4 Nf6 5. Nc3 g6 6. Be3 Bg7 7. f3 O-O 8. Qd2 d5 9. Bd3 e5 10. Nxc6 bxc6 11. Bf2 d4 12. Ne2 Be6 13. O-O c5 14. c3 Qd7 15. cxd4 cxd4 16. Ba6 Qd6 17. Qd3 Rab8 18. b3 Nd7 19. Bc4 Nc5 20. Qd2 Bxc4 21. bxc4 Qa6 22. Rfc1 Rb7 23. f4 Nxe4 24. Qd3 Nxf2 25. Kxf2 Qf6 26. g3 exf4 27. Qe4 fxg3+ 28. Kxg3 Qe5+ 29. Kf3 Qxe4+ 30. Kxe4 d3 31. Nc3 d2 32. Rc2 Re8+ 33. Kf3 Re1 34. Rd1 Bxc3 35. Rxc3 Rxd1 36. Ke2 Rc1 0-1

[Event "DVM U12 2021-22"]
[Site "Naumburg"]
[Date "2022.03.26"]
[Round "3"]
[White "Lorenz, Veronika"]
[Black "Moldovan, Tatiana"]
[Result "1-0"]
[ECO "B28"]
[WhiteElo "1388"]
[BlackElo "1403"]
[Annotator "NA"]
[PlyCount "119"]
[EventDate "2022.03.25"]
[EventType "team-tourn"]
[EventRounds "7"]
[EventCountry "GER"]
[SourceTitle "playchess.com"]
[Source "ChessBase"]
[SourceQuality "1"]
[TimeControl "40/5400+30:1800+30"]

1. e4 c5 2. Nf3 a6 3. c3 d5 4. e5 d4 5. cxd4 cxd4 6. Qa4+ Nc6 7. Bb5 Bd7 8. Bxc6 Bxc6 9. Qxd4 Bxf3 10. Qxd8+ Rxd8 11. gxf3 e6 12. O-O h5 13. Rd1 Bc5 14. Nc3 Rd3 15. Ne4 Bd4 16. f4 f6 17. Nd6+ Ke7 18. Nxb7 Rh6 19. Rb1 Rg6+ 20. Kh1 fxe5 21. fxe5 Bxe5 22. Rg1 Rxg1+ 23. Kxg1 Rh3 24. Nc5 a5 25. d4 Bxd4 26. Kg2 Rxh2+ 27. Kxh2 Bxc5 28. Bg5+ Nf6 29. f3 Kf7 30. Rc1 Bd6+ 31. Kg2 Nd5 32. Rc6 Bc7 33. Bd2 Bd8 34. Ra6 g5 35. Bxa5 Nf4+ 36. Kf1 Bf6 37. b3 g4 38. Bd2 e5 39. fxg4 hxg4 40. a4 Be7 41. Ra7 Ke6 42. a5 Bc5 43. Rg7 Nd5 44. a6 Ne7 45. Rxe7+ Kxe7 46. Bb4 Bxb4 47. a7 Bc5 48. a8=Q Bd4 49. Qg8 Kd6 50. Qxg4 Kc5 51. Qc8+ Kb5 52. Qc4+ Kb6 53. Ke2 Bb2 54. b4 Bd4 55. b5 Bc5 56. Kd3 Bd4 57. Qc6+ Ka5 58. Kc4 Bb6 59. Qa8+ Ba7 60. Qxa7# 1-0

[Event "DVM U12 2021-22"]
[Site "Naumburg"]
[Date "2022.03.26"]
[Round "3"]
[White "Friedrich, Timofej"]
[Black "Wartenberg, Alissa"]
[Result "0-1"]
[ECO "C50"]
[WhiteElo "1377"]
[BlackElo "1670"]
[Annotator "NA"]
[PlyCount "130"]
[EventDate "2022.03.25"]
[EventType "team-tourn"]
[EventRounds "7"]
[EventCountry "GER"]
[SourceTitle "playchess.com"]
[Source "ChessBase"]
[SourceQuality "1"]
[TimeControl "40/5400+30:1800+30"]

1. e4 e5 2. Nf3 Nc6 3. Bc4 Bc5 4. d3 Nf6 5. Be3 Bb6 6. c3 d6 7. Nbd2 h6 8. Nf1 a6 9. Ng3 Na5 10. Bb3 Nxb3 11. axb3 Qe7 12. Qe2 Bd7 13. Rd1 Bc6 14. Nf5 Qf8 15. Bxb6 cxb6 16. Qe3 g6 17. Ng3 b5 18. d4 Qe7 19. d5 Bd7 20. h3 Qd8 21. Rc1 Rc8 22. O-O Nh5 23. Nh2 Nf4 24. Ne2 g5 25. Nxf4 gxf4 26. Qf3 h5 27. Kh1 Qh4 28. g3 Qxh3 29. gxf4 Qxf3+ 30. Nxf3 exf4 31. Nh4 Ke7 32. Rg1 Rcg8 33. Ng2 f3 34. Ne3 h4 35. Rxg8 Rxg8 36. Rg1 Rxg1+ 37. Kxg1 Kf6 38. Nf1 Ke5 39. Nd2 Kf4 40. Kh2 Bg4 41. b4 f5 42. exf5 Kxf5 43. c4 Ke5 44. b3 Kd4 45. cxb5 Kc3 46. bxa6 bxa6 47. Ne4+ Kxb3 48. Nxd6 Kxb4 49. Ne4 Kb5 50. d6 Kc6 51. Kg1 a5 52. Nd2 a4 53. Nc4 Kb7 54. Na5+ Kc8 55. Nc4 Kd8 56. Kh2 Be6 57. Na3 Kd7 58. Nb5 Kc6 59. Nd4+ Kxd6 60. Nxf3 a3 61. Nd4 a2 62. Nc2 Bf5 63. Na1 Kd5 64. Nb3 Kc4 65. Na5+ Kc3 0-1

[Event "DVM U12 2021-22"]
[Site "Naumburg"]
[Date "2022.03.26"]
[Round "3"]
[White "Schimann, Kirill"]
[Black "Dorendorf, Mika"]
[Result "0-1"]
[ECO "A45"]
[WhiteElo "1344"]
[BlackElo "1550"]
[Annotator "NA"]
[PlyCount "80"]
[EventDate "2022.03.25"]
[EventType "team-tourn"]
[EventRounds "7"]
[EventCountry "GER"]
[SourceTitle "playchess.com"]
[Source "ChessBase"]
[SourceQuality "1"]
[TimeControl "40/5400+30:1800+30"]

1. d4 Nf6 2. Bf4 d5 3. e3 c5 4. c3 Nc6 5. Bd3 Qb6 6. Qc2 c4 7. Be2 Bf5 8. Qc1 e6 9. Nd2 Be7 10. Ngf3 O-O 11. Nh4 Bg6 12. Nxg6 hxg6 13. h3 Qa5 14. O-O b5 15. a3 Qb6 16. Nf3 a5 17. Ne5 Nxe5 18. Bxe5 Nd7 19. Bh2 b4 20. axb4 axb4 21. Qd2 b3 22. Bf3 Ra2 23. Rab1 Rfa8 24. e4 Nf6 25. exd5 Nxd5 26. Bxd5 exd5 27. Rfe1 Qd8 28. Red1 R8a7 29. Qe1 Qa8 30. g4 Bh4 31. Kg2 Re7 32. Qd2 Rea7 33. Qe1 Kh7 34. Bg3 Be7 35. Bh2 Bf6 36. Bg3 Re7 37. Qd2 Qe8 38. g5 Re2 39. Qc1 Bd8 40. Rd2 Rxd2 0-1

[Event "DVM U12 2021-22"]
[Site "Naumburg"]
[Date "2022.03.26"]
[Round "3"]
[White "Uhl, Henry"]
[Black "Goldschmidt, Jakob"]
[Result "0-1"]
[ECO "C44"]
[WhiteElo "1301"]
[BlackElo "1081"]
[Annotator "NA"]
[PlyCount "78"]
[EventDate "2022.03.25"]
[EventType "team-tourn"]
[EventRounds "7"]
[EventCountry "GER"]
[SourceTitle "playchess.com"]
[Source "ChessBase"]
[SourceQuality "1"]
[TimeControl "40/5400+30:1800+30"]

1. e4 e5 2. Nf3 Nc6 3. d4 exd4 4. Nxd4 Nf6 5. Nc3 Bb4 6. Nxc6 bxc6 7. Bd3 d5 8. Bd2 Bxc3 9. Bxc3 dxe4 10. Bxf6 Qxf6 11. Bxe4 Ba6 12. Qf3 Qxf3 13. Bxf3 O-O-O 14. Bxc6 Rd6 15. Ba4 Rhd8 16. f3 Re6+ 17. Kf2 Rd2+ 18. Kg3 Rg6+ 19. Kf4 Rd4+ 20. Ke3 Rxa4 21. b3 Re6+ 22. Kd2 Rd4+ 23. Kc3 Red6 24. Rhe1 Rd7 25. Re5 R4d5 26. Re8+ Kb7 27. Rh8 h5 28. Re1 Rc5+ 29. Kb2 Rd2 30. Rc1 Bd3 31. Rd8 Rcxc2+ 32. Rxc2 Rxc2+ 33. Ka1 Bg6 34. Rg8 Rxg2 35. Rxg7 Kb6 36. Rg8 Kc5 37. a4 Kb4 38. Rb8+ Ka3 39. b4 Rg1# 0-1

[Event "DVM U12 2021-22"]
[Site "Naumburg"]
[Date "2022.03.26"]
[Round "3"]
[White "Gulamzada, Elmir"]
[Black "Meisel, Aaron"]
[Result "1-0"]
[ECO "B01"]
[WhiteElo "1291"]
[BlackElo "915"]
[Annotator "NA"]
[PlyCount "61"]
[EventDate "2022.03.25"]
[EventType "team-tourn"]
[EventRounds "7"]
[EventCountry "GER"]
[SourceTitle "playchess.com"]
[Source "ChessBase"]
[SourceQuality "1"]
[TimeControl "40/5400+30:1800+30"]

1. e4 d5 2. exd5 Nf6 3. Nf3 Nxd5 4. Bc4 Nc6 5. d3 e5 6. Be3 Bg4 7. h3 Bxf3 8. Qxf3 Ncb4 9. Bb3 Nf6 10. Qxb7 Bd6 11. a3 Rb8 12. Qxa7 Nc6 13. Ba4 O-O 14. Bxc6 Rxb2 15. Qa4 e4 16. Bxe4 Nxe4 17. Qxe4 f5 18. Qc4+ Kh8 19. O-O Qe7 20. Nd2 Rf6 21. Bd4 Be5 22. Bxb2 Bxb2 23. Rab1 Rb6 24. c3 h6 25. Rfe1 Qf6 26. Qd4 Qg5 27. Nf3 Qg6 28. Qd8+ Kh7 29. Re8 Qc6 30. Rh8+ Kg6 31. Ne5+ 1-0